AoeStats
← jonifarina

Arena

509364317Analyzed
1v1 RM · 5d ago on Sep 26, 2026· 41m 25s· 2 players
Game mode
Random Map
Map size
Tiny (2 player)
Population
200
Speed
Normal
Resources
Standard
Victory
Conquest
Starting age
Dark Age
Ending age
Imperial Age
RankedLock teamsTeams togetherTeam positionsShared explorationLock speedFull tech treeHidden civsTurbo modeCheats
Victory
Defeat
🇪🇸 Danes · Spain
229
+16
🇪🇸 Khmer · Spain
238
-16
VicenteGal7011
11:52 Feudal Age
13:25 Wheelbarrow
13:27 Horse Collar
14:01 Double-Bit Axe
14:12 Stone Mining
14:14 Gold Mining
20:13 Arson
20:44 Bloodlines
21:01 Forging
20:54 Scale Mail Armor
21:00 Scale Barding Armor
20:57 Padded Archer Armor
24:03 Castle Age
22:27 Fletching
26:09 Bow Saw
26:02 Heavy Plow
26:44 Gold Shaft Mining
27:39 Bodkin Arrow
28:03 Leather Archer Armor
28:18 Hamask
30:08 Hand Cart
29:39 Loom
29:40 Town Watch
37:32 Imperial Age
36:24 Gambesons
37:00 Chain Mail Armor
37:15 Crossbowman
37:19 Elite Skirmisher
38:07 Thumb Ring
40:04 Stone Shaft Mining
39:00 Elite Varangian Guard
41:55 Ring Archer Armor
41:25 Bracer
42:01 Iron Casting
41:57 Plate Mail Armor
jonifarina
0:40 Loom
19:44 Feudal Age
23:01 Wheelbarrow
22:12 Town Watch
22:20 Man-at-Arms
22:46 Arson
24:06 Gold Mining
24:07 Stone Mining
24:02 Horse Collar
24:12 Double-Bit Axe
29:36 Castle Age
32:09 Hand Cart
31:55 Town Patrol
32:34 Gold Shaft Mining
32:03 Heavy Plow
32:17 Bow Saw
32:29 Long Swordsman
32:32 Crossbowman
Connection lost

Rejoining the realm…

Still unreachable

The connection could not be restored.

Session expired

The server has moved on; the page needs a fresh start.